[Event "Sabadell Open 2018"]
[Site "Sabadell"]
[Date "2018.09.01"]
[Round "1"]
[White "Juan Bartroli, Marc"]
[Black "Juanico Rull, Guillem"]
[Result "1-0"]
[ECO "E00"]
[WhiteElo "2067"]
[BlackElo "1710"]
[Annotator "NA RC"]
[PlyCount "39"]
[EventDate "2018.09.01"]
[EventType "swiss"]
[EventCountry "ESP"]
[SourceTitle "playchess.com"]
[Source "ChessBase"]
[SourceQuality "1"]
[TimeControl "5400+30"]

1. d4 Nf6 2. c4 e6 3. Nc3 b6 4. e4 Bb4 5. Qc2 Bb7 6. Bd3 d5 7. cxd5 exd5 8. e5 Ne4 9. Nf3 h6 10. O-O Bxc3 11. bxc3 O-O 12. Nd2 {[%emt 0:06:28] E32: Nimzo-Indian: Classical (4 Qc2): 4...0-0} Nxd2 13. Qxd2 ({Keinesfalls} 13. Bxd2 c5 $16) 13... c5 14. Ba3 $146 ({Predecessor:} 14. Qe2 Nc6 {1-0 (37) Thorsteins,K (2440)-Agustsson,J (2285) Hafnarfjordur 1988}) 14... Qc7 15. f4 f6 16. Qe3 Nd7 17. Qh3 fxe5 18. fxe5 Bc8 19. Qe6+ $18 Kh8 20. Qg6 1-0

[Event "Sabadell Open 2018"]
[Site "Sabadell"]
[Date "2018.09.01"]
[Round "1"]
[White "Farre Liarte, Francesc"]
[Black "Martinez Molina, Jose Juan"]
[Result "1-0"]
[ECO "C40"]
[WhiteElo "1638"]
[BlackElo "1723"]
[Annotator "NA RC"]
[PlyCount "45"]
[EventDate "2018.09.01"]
[EventType "swiss"]
[EventCountry "ESP"]
[SourceTitle "playchess.com"]
[Source "ChessBase"]
[SourceQuality "1"]
[TimeControl "5400+30"]

1. e4 e5 2. Nf3 f6 3. Nxe5 Ne7 4. Nf3 d6 5. d4 Ng6 6. Bc4 Be6 7. Bxe6 Qe7 8. Bf5 Nc6 9. O-O Rd8 10. Nc3 Qf7 11. d5 Nce5 12. Be6 Qe7 13. Nd4 Nh4 14. Qh5+ g6 15. Qxh4 c5 16. Ndb5 a6 17. Na3 h5 18. f4 g5 19. fxg5 fxg5 20. Bxg5 Ng6 21. Rxf8+ Rxf8 22. Bxe7 Nxh4 23. Bxh4 1-0

[Event "Sabadell Open 2018"]
[Site "Sabadell"]
[Date "2018.09.02"]
[Round "2"]
[White "Torralba Brosa, Marc"]
[Black "Juan Bartroli, Marc"]
[Result "1/2-1/2"]
[ECO "B19"]
[WhiteElo "1809"]
[BlackElo "2067"]
[Annotator "NA"]
[PlyCount "63"]
[EventDate "2018.09.01"]
[EventType "swiss"]
[EventCountry "ESP"]
[SourceTitle "playchess.com"]
[Source "ChessBase"]
[SourceQuality "1"]
[TimeControl "5400+30"]

1. e4 c6 2. d4 d5 3. Nc3 dxe4 4. Nxe4 Bf5 5. Ng3 Bg6 6. h4 h6 7. Nf3 Nd7 8. h5 Bh7 9. Bd3 Bxd3 10. Qxd3 e6 11. Bd2 Ngf6 12. O-O-O Be7 13. Kb1 Qb6 {[%emt 0:00:24] B19: Classical Caro-Kann: 4...Bf5 main line} 14. Ne4 Rd8 15. g4 Nxg4 16. Qe2 {[%emt 0:03:39] [#]} ({White should try} 16. Rhg1 $1 $11 f5 17. Qc4) 16... c5 $146 ({Predecessor:} 16... Qb5 17. c4 Qf5 18. Ka1 Ngf6 19. Ng3 Qh7 20. Bc3 O-O 21. d5 cxd5 22. cxd5 {0-1 (29) Mueller,M (2057)-Donchenko,A (2587) Maastricht 2018}) 17. Rdg1 f5 {[%emt 0:07:47] [#]} 18. dxc5 $2 (18. Ba5 $1 $16 {[%cal Ra5b6] keeps the pressure on.} Qxa5 19. Nd6+ Bxd6 20. Qxe6+ Be7 21. Re1) 18... Nxc5 19. Nxc5 Bxc5 20. Re1 Kf7 $2 {[%emt 0:12:48] [#]} ({Doch nicht} 20... Bxf2 $6 {[#]} 21. Ba5 $1 $11 ) (20... O-O $17 21. Qxe6+ Qxe6 22. Rxe6 Nxf2) 21. Ba5 $1 Qc6 $2 {[%emt 0:05:18] [#]} ({Wrong is} 21... Qxa5 $2 22. Qxe6+ Kf8 23. Nh4 $18) (21... Qa6 $14) 22. Bxd8 $2 ({Der einzige Zug:} 22. Rhg1 $1 $18 Qd5 23. Rxg4 fxg4 24. Ne5+ Kg8 25. Bxd8 Qxd8 26. Qxg4) 22... Rxd8 23. Rhg1 Qb6 24. Rxg4 fxg4 25. Ne5+ Kg8 26. Qxg4 Bxf2 27. Nc4 $17 (27. Re4 $15) 27... Qc6 28. Rf1 Rd4 29. Qe2 Qxc4 30. Qxf2 Rd2 31. Qf7+ Kh7 32. Qf8 1/2-1/2

[Event "Sabadell Open 2018"]
[Site "Sabadell"]
[Date "2018.09.02"]
[Round "2"]
[White "Montserrat Rubia, Angel"]
[Black "Garcia Torres, Adolfo"]
[Result "1/2-1/2"]
[ECO "A28"]
[WhiteElo "1632"]
[BlackElo "1491"]
[Annotator "NA"]
[PlyCount "60"]
[EventDate "2018.09.01"]
[EventType "swiss"]
[EventCountry "ESP"]
[SourceTitle "playchess.com"]
[Source "ChessBase"]
[SourceQuality "1"]
[TimeControl "5400+30"]

1. c4 e5 2. Nc3 Nc6 3. Nf3 Nf6 4. e4 Bb4 5. d3 d6 6. a3 Bc5 7. Be2 a6 8. O-O Bg4 9. Nd5 h6 10. b4 Ba7 11. Be3 Bxf3 12. Nxf6+ Qxf6 13. Bxf3 Nd4 14. Bxd4 Bxd4 15. Ra2 O-O 16. Qd2 Qg6 17. Kh1 c6 18. Qe2 f5 19. exf5 Qxf5 20. Qe4 Qxe4 21. Bxe4 g5 22. h3 h5 23. Bg6 h4 24. Bh5 Rf6 25. Re2 Raf8 26. f3 Rf4 27. Bg4 R4f6 28. Bh5 Rf4 29. Bg4 Kg7 30. c5 d5 1/2-1/2

[Event "Sabadell Open 2018"]
[Site "Sabadell"]
[Date "2018.09.03"]
[Round "3"]
[White "Nadal Fajardo, Ricard"]
[Black "Palacin Martin, Ricardo"]
[Result "1/2-1/2"]
[ECO "D02"]
[WhiteElo "1920"]
[BlackElo "2055"]
[Annotator "NA"]
[PlyCount "27"]
[EventDate "2018.09.01"]
[EventType "swiss"]
[EventCountry "ESP"]
[SourceTitle "playchess.com"]
[Source "ChessBase"]
[SourceQuality "1"]
[TimeControl "5400+30"]

1. d4 d5 2. Nf3 Nf6 3. g3 e6 4. Bg2 c5 5. O-O Nc6 6. b3 Be7 7. Bb2 O-O 8. e3 b6 9. c4 Bb7 10. cxd5 exd5 11. Nc3 cxd4 12. Nxd4 Qd7 13. Qd2 Rfd8 14. Rfd1 1/2-1/2

[Event "Sabadell Open 2018"]
[Site "Sabadell"]
[Date "2018.09.03"]
[Round "3"]
[White "Carbajal Gutierrez, Sergi Rober"]
[Black "Martinez Torras, Pol"]
[Result "0-1"]
[ECO "D10"]
[WhiteElo "1529"]
[BlackElo "1621"]
[Annotator "NA"]
[PlyCount "80"]
[EventDate "2018.09.01"]
[EventType "swiss"]
[EventCountry "ESP"]
[SourceTitle "playchess.com"]
[Source "ChessBase"]
[SourceQuality "1"]
[TimeControl "5400+30"]

1. d4 d5 2. c4 c6 3. Nc3 Nf6 4. cxd5 cxd5 5. Nf3 Nc6 6. Bg5 e6 7. e3 Be7 8. a3 h6 9. Bh4 a6 10. Qc2 O-O 11. Bd3 Qc7 12. O-O Rd8 13. Ne2 g5 14. Bg3 Bd6 15. Rac1 Nh5 16. Bxd6 Qxd6 17. Ng3 Nxg3 18. fxg3 f5 19. Qe2 Bd7 20. Nd2 g4 21. Nb3 Rf8 22. Rf4 h5 23. Rcf1 Ne7 24. Nc5 b5 25. Nxd7 Qxd7 26. Rc1 Rac8 27. Rff1 Kg7 28. Rxc8 Nxc8 29. h4 Nd6 30. b3 Rc8 31. Qd2 Qc7 32. Rb1 Qc3 33. Qe2 Ne4 34. Bxe4 dxe4 35. Kf2 Qd3 36. Qxd3 exd3 37. e4 fxe4 38. Ke3 Rc2 39. Re1 Rxg2 40. Kxe4 Re2+ 0-1

[Event "Sabadell Open 2018"]
[Site "Sabadell"]
[Date "2018.09.04"]
[Round "4"]
[White "Mut Company, Guillem"]
[Black "Prats Rodriguez, Juan Bosco"]
[Result "0-1"]
[ECO "A41"]
[WhiteElo "1968"]
[BlackElo "1997"]
[Annotator "NA RC"]
[PlyCount "58"]
[EventDate "2018.09.01"]
[EventType "swiss"]
[EventCountry "ESP"]
[SourceTitle "playchess.com"]
[Source "ChessBase"]
[SourceQuality "1"]
[TimeControl "5400+30"]

1. d4 d6 2. Nf3 Bg4 3. c4 Bxf3 4. gxf3 c6 5. Nc3 g6 6. Bg2 {[%emt 0:07:45] A41: 1 d4 d6: Tartakower System and Modern Defence} Bg7 7. f4 e6 (7... Nh6 8. e3 Nf5 9. O-O O-O 10. b3 Nd7 11. Bb2 e6 12. Ne4 {0-1 (83) Schiendorfer,E (2349)-Markowski,T (2612) Plovdiv 2012}) 8. Qd3 $146 ({Predecessor:} 8. d5 exd5 9. cxd5 Ne7 10. Qb3 Qd7 11. Bd2 O-O 12. O-O-O Na6 13. Kb1 Nc5 {1-0 (45) Medic,M (2239)-Tratar,M (2499) Pula 2006}) 8... Ne7 9. e3 d5 10. Bd2 Nd7 11. c5 Nf5 12. b4 O-O 13. b5 cxb5 14. Qxb5 Rb8 15. Ke2 $2 {[%emt 0:03:57] [#]} (15. O-O $11) 15... Bxd4 $1 16. Qb2 Bg7 17. Qa3 d4 18. Nb5 Nxc5 19. Qxc5 d3+ 20. Kf3 Rc8 21. Qb4 Bxa1 22. Rxa1 Qh4 23. Nd4 Qh5+ 24. Ke4 Qxh2 25. Bf3 Qxf2 26. Bd1 Rfd8 27. Rc1 Rxc1 28. Bxc1 Qf1 29. Qb3 Rd5 $19 0-1

[Event "Sabadell Open 2018"]
[Site "Sabadell"]
[Date "2018.09.04"]
[Round "4"]
[White "Martinez Torras, Pol"]
[Black "Serentill Tost, Eduard"]
[Result "0-1"]
[ECO "A16"]
[WhiteElo "1621"]
[BlackElo "1613"]
[Annotator "NA RC"]
[PlyCount "81"]
[EventDate "2018.09.01"]
[EventType "swiss"]
[EventCountry "ESP"]
[SourceTitle "playchess.com"]
[Source "ChessBase"]
[SourceQuality "1"]
[TimeControl "5400+30"]

1. c4 Nf6 2. Nc3 g6 3. g3 Bg7 4. Bg2 d6 5. Nf3 O-O 6. O-O Nbd7 7. Rb1 e5 8. d3 a6 9. Bd2 h6 10. b4 c5 11. b5 Re8 12. Ne1 Rb8 13. Qb3 b6 14. bxa6 Bxa6 15. Qa4 Bb7 16. Nb5 Bxg2 17. Nxg2 Nf8 18. e4 Qd7 19. Qc2 Ra8 20. f4 Ra6 21. fxe5 dxe5 22. Bxh6 Bxh6 23. Rxf6 Ne6 24. Rbf1 Re7 25. h4 Bg7 26. R6f3 Nd4 27. Nxd4 Qxd4+ 28. Qf2 Rxa2 29. Qxd4 exd4 30. Nf4 Rb2 31. Ra1 b5 32. Ra8+ Kh7 33. Nd5 Rb7 34. Rc8 bxc4 35. dxc4 Re2 36. Rf2 Rb1+ 37. Kg2 d3 38. Nf4 Rxf2+ 39. Kxf2 Bd4+ 40. Kg2 d2 41. Ra8 0-1

[Event "Sabadell Open 2018"]
[Site "Sabadell"]
[Date "2018.09.05"]
[Round "5"]
[White "Boixader Arbo, Xavier"]
[Black "Nieto Farreny, Francesc"]
[Result "1/2-1/2"]
[ECO "B27"]
[WhiteElo "2028"]
[BlackElo "2191"]
[Annotator "NA"]
[PlyCount "62"]
[EventDate "2018.09.01"]
[EventType "swiss"]
[EventCountry "ESP"]
[SourceTitle "playchess.com"]
[Source "ChessBase"]
[SourceQuality "1"]
[TimeControl "5400+30"]

1. e4 c5 2. Nf3 g6 3. d4 cxd4 4. Qxd4 Nf6 5. e5 Nc6 6. Qa4 Nd5 7. Qe4 Nb6 {[%emt 0:01:09] B27: Sicilian: 2 Nf3, unusual Black 2nd moves} 8. Nc3 Bg7 9. Bf4 d5 10. exd6 Bf5 11. Qe3 (11. dxe7 Qd7 12. Qe3 Nb4 13. Rc1 Nxc2+ 14. Rxc2 Bxc2 15. Bb5 Bxc3+ 16. Qxc3 Qxb5 17. Qxh8+ Kxe7 {½-½ (22) Ortiz Suarez,I (2548)-Guseinov,G (2654) Barbera del Valles 2018}) 11... O-O 12. O-O-O exd6 13. Bxd6 Re8 {[%emt 0:00:09] [#]} 14. Qc5 $146 ({Predecessor:} 14. Qf4 Qc8 15. Bd3 {1-0 (27) Khusnutdinov,R (2509)-Oshakbayev,B (2115) Pavlodar 2015}) 14... Qf6 15. Bb5 Rac8 16. Rhe1 Rxe1 17. Rxe1 Be6 18. Qa3 Nc4 19. Bxc4 Bxc4 20. Ne4 Qd8 21. Bf4 Be6 22. Nc5 Bf5 23. Nxb7 Qb6 24. Nd6 Qxf2 25. Nxf5 gxf5 26. Qe3 Qxe3+ 27. Rxe3 Nb4 {[#]} 28. Rb3 $1 Rxc2+ 29. Kb1 Rc4 30. Bd2 Nc6 31. Rb7 $16 Bf8 1/2-1/2

[Event "Sabadell Open 2018"]
[Site "Sabadell"]
[Date "2018.09.05"]
[Round "5"]
[White "Prats Rodriguez, Juan Bosco"]
[Black "Palacin Martin, Ricardo"]
[Result "1/2-1/2"]
[ECO "C00"]
[WhiteElo "1997"]
[BlackElo "2055"]
[Annotator "NA"]
[PlyCount "85"]
[EventDate "2018.09.01"]
[EventType "swiss"]
[EventCountry "ESP"]
[SourceTitle "playchess.com"]
[Source "ChessBase"]
[SourceQuality "1"]
[TimeControl "5400+30"]

1. e4 e6 2. d3 c5 3. Nf3 b6 4. g3 Bb7 5. Bg2 d5 6. Qe2 Ne7 7. O-O Nbc6 8. c4 d4 9. e5 Qd7 10. h4 h5 11. Bg5 Ng6 12. Re1 Be7 13. Bxe7 Ngxe7 14. Nbd2 Ng6 15. Ne4 Ncxe5 16. Nxe5 Nxe5 17. Nxc5 bxc5 18. Bxb7 Qxb7 19. Qxe5 O-O 20. Qxh5 Qxb2 21. Qg5 Qb6 22. h5 f6 23. Qg6 e5 24. h6 Qc7 25. Re4 Qf7 26. Rg4 Qxg6 27. Rxg6 Kh7 28. Rxg7+ Kxh6 29. Rc7 Rfc8 30. Rb7 Rc6 31. Kg2 Kg6 32. Kf3 Ra6 33. a4 Kf5 34. a5 Rc8 35. g4+ Ke6 36. Rh1 Rxa5 37. Rhh7 Ra2 38. Rbe7+ Kd6 39. Ref7 Ke6 40. g5 fxg5 41. Kg4 Rh8 42. Re7+ Kf6 43. Ref7+ 1/2-1/2

[Event "Sabadell Open 2018"]
[Site "Sabadell"]
[Date "2018.09.05"]
[Round "5"]
[White "Serentill Tost, Eduard"]
[Black "Garcia Torres, Adolfo"]
[Result "1-0"]
[ECO "C42"]
[WhiteElo "1613"]
[BlackElo "1491"]
[Annotator "NA"]
[PlyCount "63"]
[EventDate "2018.09.01"]
[EventType "swiss"]
[EventCountry "ESP"]
[SourceTitle "playchess.com"]
[Source "ChessBase"]
[SourceQuality "1"]
[TimeControl "5400+30"]

1. e4 e5 2. Nf3 Nf6 3. Nxe5 Qe7 4. d4 d6 5. Nf3 Qxe4+ 6. Be2 Be7 7. Nc3 Qc6 8. Bb5 Qxb5 9. Nxb5 Na6 10. Bg5 O-O 11. O-O Bd7 12. Nc3 h6 13. Bxf6 Bxf6 14. Nd5 Bd8 15. Re1 c6 16. Nf4 Bf6 17. c3 Nc7 18. Nh5 Bd8 19. h3 Be6 20. Qd2 Bd5 21. Qd3 Ne8 22. Nf4 Bxf3 23. Qxf3 d5 24. Re2 Nd6 25. Rae1 Ne4 26. Nd3 Bf6 27. Nc5 Ng5 28. Qd3 b6 29. Nd7 Rfd8 30. Nxf6+ gxf6 31. Re7 Ne6 32. R1xe6 1-0

[Event "Sabadell Open 2018"]
[Site "Sabadell"]
[Date "2018.09.06"]
[Round "6"]
[White "Cano Sevilla, Ivan"]
[Black "Prats Rodriguez, Juan Bosco"]
[Result "1-0"]
[ECO "A41"]
[WhiteElo "1961"]
[BlackElo "1997"]
[Annotator "NA"]
[PlyCount "75"]
[EventDate "2018.09.01"]
[EventType "swiss"]
[EventCountry "ESP"]
[SourceTitle "playchess.com"]
[Source "ChessBase"]
[SourceQuality "1"]
[TimeControl "5400+30"]

1. d4 d6 2. Bf4 Nf6 3. Nc3 g6 4. e4 Bg7 5. Qd2 a6 6. f3 h6 7. a4 Nc6 8. Bc4 g5 9. Be3 e5 10. Nge2 Qe7 11. Nd5 Nxd5 12. Bxd5 Nxd4 $14 13. Nxd4 exd4 14. Bxd4 Be5 15. Qc3 O-O 16. Bxe5 dxe5 17. O-O c6 18. Bb3 Rd8 19. Rad1 Bd7 20. Rd3 Be8 21. Rfd1 Rxd3 22. Qxd3 Kg7 23. Kf2 Rc8 24. Qd6 Rc7 25. a5 Qxd6 26. Rxd6 Rd7 27. Rxd7 Bxd7 28. Ke3 f5 29. Kd3 g4 30. Kc4 gxf3 31. gxf3 fxe4 32. fxe4 Be6+ 33. Kc5 Bxb3 34. cxb3 Kf6 35. Kd6 c5 36. h4 Kg6 37. Kxe5 Kh5 38. Kf4 1-0

[Event "Sabadell Open 2018"]
[Site "Sabadell"]
[Date "2018.09.06"]
[Round "6"]
[White "Romero Funieles, Rafael"]
[Black "Serentill Tost, Eduard"]
[Result "0-1"]
[ECO "C00"]
[WhiteElo "1628"]
[BlackElo "1613"]
[Annotator "NA RC"]
[PlyCount "142"]
[EventDate "2018.09.01"]
[EventType "swiss"]
[EventCountry "ESP"]
[SourceTitle "playchess.com"]
[Source "ChessBase"]
[SourceQuality "1"]
[TimeControl "5400+30"]

1. e4 e6 2. Nf3 d5 3. exd5 exd5 4. Be2 Bd6 5. h3 Nf6 6. d4 O-O 7. O-O c6 8. Bd3 Nbd7 9. c3 Qc7 10. Be3 b6 11. Nbd2 a5 12. c4 dxc4 13. Nxc4 Ba6 14. b3 Nd5 15. Rc1 Rfe8 16. Nxd6 Qxd6 17. Bxa6 Rxa6 18. Qd3 Nb4 19. Qb1 Raa8 20. a3 Nd5 21. Ng5 N7f6 22. Qd3 h6 23. Nf3 Nd7 24. Nd2 b5 25. Ne4 Qg6 26. Nc5 Qxd3 27. Nxd3 Nxe3 28. fxe3 Rxe3 29. Nf4 Rxb3 30. Rxc6 Rxa3 31. Rc7 Nf6 32. Rc5 b4 33. Re1 b3 34. Nd3 Rd8 35. Rc4 a4 36. Nb2 Ra8 37. Kh2 Ra2 38. Rb1 Rxb2 39. Rxb2 a3 40. Rxb3 a2 41. Rc1 a1=Q 42. Rxa1 Rxa1 43. Rb8+ Kh7 44. Rd8 Rd1 45. Rd6 Kg6 46. Rd8 Kf5 47. Rd6 Ke4 48. Ra6 Rxd4 49. Ra7 Rd7 50. Ra3 Nd5 51. Rg3 g6 52. Rg4+ Kf5 53. Rh4 h5 54. Ra4 g5 55. Kg3 Re7 56. Ra5 Re3+ 57. Kf2 Rd3 58. Rb5 Ke4 59. Rb7 f6 60. Rb8 Rd2+ 61. Kg1 Nf4 62. Rb4+ Kf5 63. g4+ hxg4 64. Rb5+ Rd5 65. hxg4+ Kxg4 66. Rb6 Kg3 67. Rb3+ Rd3 68. Rb1 f5 69. Kh1 Nh3 70. Rf1 Nf2+ 71. Kg1 Rd1 0-1

[Event "Sabadell Open 2018"]
[Site "Sabadell"]
[Date "2018.09.07"]
[Round "7"]
[White "Giron, Jorge Ernesto"]
[Black "Lorenzo De La Riva, Lazaro"]
[Result "1/2-1/2"]
[ECO "C70"]
[WhiteElo "2303"]
[BlackElo "2399"]
[Annotator "NA"]
[PlyCount "98"]
[EventDate "2018.09.01"]
[EventType "swiss"]
[EventCountry "ESP"]
[SourceTitle "playchess.com"]
[Source "ChessBase"]
[SourceQuality "1"]
[TimeControl "5400+30"]

1. e4 e5 2. Nf3 Nc6 3. Bb5 a6 4. Ba4 g6 {[%emt 0:01:24] LiveBook: 352 Games} 5. O-O Bg7 6. c3 d6 7. h3 Nf6 8. Re1 {[%emt 0:00:44] C60: Ruy Lopez: Unusual Black 3rd moves and 3...g6} O-O 9. Bxc6 bxc6 10. d4 Nd7 11. Bg5 $146 ({Predecessor:} 11. dxe5 Nxe5 12. Nxe5 Bxe5 13. Nd2 Bg7 14. Nf3 Re8 15. Bg5 f6 {0-1 (60) Czarnota,D (2210)-Malaniuk,V (2525) Krakow 2003}) 11... Qe8 12. Nbd2 h6 13. Bh4 a5 14. Nc4 Nb6 15. Nxb6 cxb6 16. dxe5 dxe5 17. Qd6 f6 18. Red1 Be6 19. Qc7 g5 20. Bg3 Qc8 21. Qxb6 Rb8 22. Qxa5 Rxb2 23. a4 Re8 24. Rab1 Rxb1 25. Rxb1 Bf8 26. Qb6 Qa8 27. a5 Bd6 28. Ra1 Rb8 29. Qe3 Qa6 30. h4 Be7 31. hxg5 hxg5 32. Nh2 Rb5 33. Qd3 $11 c5 34. Nf1 c4 35. Qd2 Rxa5 36. Rxa5 Qxa5 37. Ne3 Qa1+ 38. Kh2 Qb1 39. f3 Qd3 40. Qxd3 cxd3 41. Be1 Bc5 42. Bd2 Bxe3 43. Bxe3 Kf7 44. g4 Bb3 45. Kg3 Ke6 46. Kf2 Bd1 47. Bc1 Kd7 48. Ke3 Kc6 49. Ba3 Kd7 1/2-1/2

[Event "Sabadell Open 2018"]
[Site "Sabadell"]
[Date "2018.09.07"]
[Round "7"]
[White "Jimenez Ruano, Adrian"]
[Black "Valenzuela Gomez, Fernando"]
[Result "1/2-1/2"]
[ECO "E48"]
[WhiteElo "2244"]
[BlackElo "2384"]
[Annotator "NA"]
[PlyCount "65"]
[EventDate "2018.09.01"]
[EventType "swiss"]
[EventCountry "ESP"]
[SourceTitle "playchess.com"]
[Source "ChessBase"]
[SourceQuality "1"]
[TimeControl "5400+30"]

1. d4 Nf6 2. c4 e6 3. Nc3 Bb4 4. e3 O-O 5. Bd3 d5 6. cxd5 exd5 7. Nge2 Re8 8. Bd2 {[%emt 0:00:05] E48: Nimzo-Indian: Rubinstein: 5 Bd3 d5 including 6 Ne2, but excluding 6 a3} c5 (8... Bd6 9. O-O a6 10. Rc1 Nbd7 11. Nf4 c6 12. f3 Nf8 13. Kh1 Ng6 14. Nce2 Qb6 15. b3 Bd7 {½-½ (62) Fressinet,L (2645)-Gharamian,T (2614) Nimes 2018}) 9. O-O c4 10. Bc2 a6 $146 ({Predecessor:} 10... Nc6 11. Nf4 Bxc3 12. Bxc3 b5 13. a3 a5 {1-0 (37) Steinacker,A (1685)-Eichler,W (1430) Muehlhausen 2007}) 11. f3 Nc6 12. Qe1 Bd6 13. Rd1 Nb4 14. Bb1 Nd3 15. Bxd3 cxd3 16. Nc1 Bf5 17. Qh4 Bg6 18. g4 b5 19. a3 $15 b4 20. axb4 Bxb4 21. Qf2 h5 22. h3 Nh7 23. N3a2 Bd6 24. Kg2 Rb8 25. Bc3 hxg4 26. hxg4 Qg5 27. Nxd3 Be4 28. Ne5 f6 29. fxe4 fxe5 30. Qf5 Qxe3 31. Rde1 Qg5 32. exd5 Qxf5 33. Rxf5 1/2-1/2

[Event "Sabadell Open 2018"]
[Site "Sabadell"]
[Date "2018.09.07"]
[Round "7"]
[White "Juan Bartroli, Marc"]
[Black "Cano Sevilla, Ivan"]
[Result "1-0"]
[ECO "D31"]
[WhiteElo "2067"]
[BlackElo "1961"]
[Annotator "NA"]
[PlyCount "67"]
[EventDate "2018.09.01"]
[EventType "swiss"]
[EventCountry "ESP"]
[SourceTitle "playchess.com"]
[Source "ChessBase"]
[SourceQuality "1"]
[TimeControl "5400+30"]

1. d4 d5 2. c4 e6 3. Nc3 f5 4. Bf4 c6 5. e3 Bd6 6. Bxd6 Qxd6 7. Nf3 Nf6 8. Bd3 O-O 9. O-O Ne4 10. Ne5 Nd7 11. f4 {LiveBook: 6 Partien} Ndf6 12. c5 $14 Qe7 13. Nxe4 fxe4 14. Be2 Bd7 15. b4 a6 16. a4 Be8 17. Qb3 Nd7 18. Nxd7 Bxd7 19. b5 axb5 20. axb5 Rxa1 21. Rxa1 g5 22. Ra7 gxf4 23. exf4 Qf6 24. Qe3 cxb5 25. Rxb7 Be8 26. Bxb5 Bxb5 27. Rxb5 Ra8 28. Rb1 Ra4 29. Rc1 Rxd4 30. c6 Rd3 31. Qc5 Qxf4 32. c7 e3 33. c8=Q+ Kg7 34. Qe7+ 1-0

[Event "Sabadell Open 2018"]
[Site "Sabadell"]
[Date "2018.09.07"]
[Round "7"]
[White "Serentill Tost, Eduard"]
[Black "Carbajal Gutierrez, Sergi Rober"]
[Result "1/2-1/2"]
[ECO "B28"]
[WhiteElo "1613"]
[BlackElo "1529"]
[Annotator "NA"]
[PlyCount "52"]
[EventDate "2018.09.01"]
[EventType "swiss"]
[EventCountry "ESP"]
[SourceTitle "playchess.com"]
[Source "ChessBase"]
[SourceQuality "1"]
[TimeControl "5400+30"]

1. e4 c5 2. Nf3 a6 3. d4 cxd4 4. Nxd4 e5 5. Nf3 Nc6 6. a3 h6 7. Bc4 Nf6 8. Nc3 Bc5 9. b4 Bd4 10. Nxd4 exd4 11. Ne2 Nxe4 12. Bb2 d5 13. Ba2 O-O 14. O-O Be6 15. Nxd4 Rc8 16. h3 Nxd4 17. Qxd4 f6 18. Bb3 Kh8 19. Rad1 Qc7 20. Rfe1 Rfd8 21. c4 Ng5 22. cxd5 Bg8 23. d6 Bxb3 24. Re8+ Rxe8 25. dxc7 Bxd1 26. Qxd1 Rxc7 1/2-1/2

[Event "Sabadell Open 2018"]
[Site "Sabadell"]
[Date "2018.09.08"]
[Round "8"]
[White "Lorenzo De La Riva, Lazaro"]
[Black "Fernandez Diaz, Cristian"]
[Result "1-0"]
[ECO "B38"]
[WhiteElo "2399"]
[BlackElo "2221"]
[Annotator "NA"]
[PlyCount "37"]
[EventDate "2018.09.01"]
[EventType "swiss"]
[EventCountry "ESP"]
[SourceTitle "playchess.com"]
[Source "ChessBase"]
[SourceQuality "1"]
[TimeControl "5400+30"]

1. e4 c5 2. Nf3 Nc6 3. d4 cxd4 4. Nxd4 g6 5. c4 Bg7 6. Be3 Nf6 7. Nc3 O-O 8. Be2 d6 9. O-O Nxd4 10. Bxd4 Bd7 11. h3 Bc6 12. Qc2 a5 13. Rad1 a4 14. c5 Qa5 15. cxd6 exd6 16. Bf3 Rfe8 17. a3 Rac8 18. Qd2 Rcd8 $18 (18... h5 $14) 19. Bxf6 1-0

[Event "Sabadell Open 2018"]
[Site "Sabadell"]
[Date "2018.09.08"]
[Round "8"]
[White "Juan Bartroli, Marc"]
[Black "Prats Rodriguez, Juan Bosco"]
[Result "0-1"]
[ECO "A25"]
[WhiteElo "2067"]
[BlackElo "1997"]
[Annotator "NA RC"]
[PlyCount "82"]
[EventDate "2018.09.01"]
[EventType "swiss"]
[EventCountry "ESP"]
[SourceTitle "playchess.com"]
[Source "ChessBase"]
[SourceQuality "1"]
[TimeControl "5400+30"]

1. c4 e5 2. g3 Nc6 3. Bg2 d6 4. Nc3 Be6 5. d3 Qd7 6. Rb1 g6 7. b4 Bg7 8. b5 Nd8 9. Nd5 c6 10. bxc6 bxc6 11. Nc3 Ne7 12. e3 O-O 13. Nge2 Bh3 14. O-O Bxg2 15. Kxg2 Ne6 16. Ba3 f5 17. f4 exf4 18. exf4 c5 19. Qb3 Qc6+ 20. Nd5 Nc7 21. Qb7 Ncxd5 22. Qxc6 Nxc6 23. cxd5 Ne7 24. Rb7 Nxd5 25. Rfb1 Rfe8 26. Kf2 Re6 27. Rb8+ $17 Rxb8 28. Rxb8+ Kf7 29. Ra8 Re7 30. Rd8 Ke6 31. d4 Nf6 32. Kf3 Ne4 33. dxc5 dxc5 34. Rc8 Kd5 35. Nc1 Nd2+ 36. Kg2 Bd4 37. Rd8+ Kc4 38. Bb2 Bxb2 39. Rxd2 Kc3 40. Re2 Rxe2+ 41. Nxe2+ Kd2 0-1

[Event "Sabadell Open 2018"]
[Site "Sabadell"]
[Date "2018.09.08"]
[Round "8"]
[White "Fernandez Pintado, Xavier"]
[Black "Serentill Tost, Eduard"]
[Result "0-1"]
[ECO "E91"]
[WhiteElo "1602"]
[BlackElo "1613"]
[Annotator "NA"]
[PlyCount "66"]
[EventDate "2018.09.01"]
[EventType "swiss"]
[EventCountry "ESP"]
[SourceTitle "playchess.com"]
[Source "ChessBase"]
[SourceQuality "1"]
[TimeControl "5400+30"]

1. d4 Nf6 2. c4 g6 3. Nc3 Bg7 4. e4 d6 5. Nf3 O-O 6. Be2 Nbd7 7. O-O e5 8. d5 Nc5 9. Qc2 a5 10. Be3 Ne8 11. a3 f5 12. b4 Nxe4 13. Nxe4 fxe4 14. Nd2 Nf6 15. h3 b6 16. Rfd1 Qe8 17. Nf1 h6 18. Qd2 Kh7 19. b5 g5 20. a4 Nh5 21. Nh2 Nf4 22. Ra3 Qg6 23. Nf1 h5 24. f3 Nxe2+ 25. Qxe2 exf3 26. Qf2 g4 27. hxg4 Bxg4 28. g3 Rf7 29. Nh2 e4 30. Nxg4 Qxg4 31. Rd2 Be5 32. Kh2 h4 33. Bf4 Rxf4 0-1

[Event "Sabadell Open 2018"]
[Site "Sabadell"]
[Date "2018.09.10"]
[Round "9"]
[White "Nadal Fajardo, Ricard"]
[Black "Prats Rodriguez, Juan Bosco"]
[Result "1/2-1/2"]
[ECO "D11"]
[WhiteElo "1920"]
[BlackElo "1997"]
[Annotator "NA"]
[PlyCount "27"]
[EventDate "2018.09.01"]
[EventType "swiss"]
[EventCountry "ESP"]
[SourceTitle "playchess.com"]
[Source "ChessBase"]
[SourceQuality "1"]
[TimeControl "5400+30"]

1. d4 d5 2. Nf3 Nf6 3. g3 Bf5 4. Bg2 e6 5. O-O Be7 6. c4 c6 7. Nc3 O-O 8. b3 Nbd7 9. Bb2 Ne4 10. Nd2 Nxc3 11. Bxc3 Nf6 12. Qc1 Rb8 13. a4 a5 14. Qb2 1/2-1/2